MLB
PITTSBURGH PIRATES @ PHILADELPHIA PHILLIES
08/27/2019
 
TOP OF THE 1ST
Pittsburgh Pirates batting - Pitching for Philadelphia Phillies : RHP Emmanuel Ramirez
Pitching: RHP Emmanuel Ramirez
Batting: RHB Byron Buxton 0-0: Swinging Strike
0-1: Fly out, F5 (Popup, 6S, EV 74.4 MPH)
Batting: LHB Jason Kipnis 0-0: Ground out 6-3 (Groundball, 6, EV 98.8 MPH)
Batting: LHB LaMonte Wade 0-0: Swinging Strike
0-1: Ground out 4-3 (Groundball, 4, EV 85.6 MPH)
Top of the 1st over - 0 runs, 0 hits, 0 errors, 0 left on base; Pittsburgh 0 - Philadelphia 0
BOTTOM OF THE 1ST
Philadelphia Phillies batting - Pitching for Pittsburgh Pirates : RHP Jonathan Loaisiga
Pitching: RHP Jonathan Loaisiga
Batting: LHB Leonys Martin 0-0: Called Strike
0-1: Ball
1-1: Called Strike
1-2: Foul Ball, location: 2F
1-2: Foul Ball, location: 2F
1-2: Ball
2-2: Strikes out swinging
Batting: RHB Scott Kingery 0-0: Ground out 1-3 (Groundball, 13, EV 86.3 MPH)
Batting: RHB Giancarlo Stanton 0-0: Fly out, F8 (Flyball, 89D, EV 99.4 MPH)
Bottom of the 1st over - 0 runs, 0 hits, 0 errors, 0 left on base; Pittsburgh 0 - Philadelphia 0
TOP OF THE 2ND
Pittsburgh Pirates batting - Pitching for Philadelphia Phillies : RHP Emmanuel Ramirez
Batting: RHB Franmil Reyes 0-0: Called Strike
0-1: Foul Ball, location: 2F
0-2: Ball
1-2: Strikes out swinging, 2-3 out at first.
Batting: RHB Ryan Zimmerman 0-0: Called Strike
0-1: Ball
1-1: Fly out, F7 (Flyball, 7, EV 85.0 MPH)
Batting: LHB Jake Lamb 0-0: Ball
1-0: SINGLE (Groundball, 4D, EV 101.3 MPH)
Batting: RHB Renato Nunez 0-0: Called Strike
0-1: Foul Ball, location: 2F
0-2: DOUBLE (Flyball, 78D, EV 96.9 MPH)
Jake Lamb to third
Batting: RHB Robinson Chirinos 0-0: Ball
1-0: Ball
2-0: Called Strike
2-1: Ball
3-1: Foul Ball, location: 2F
3-2: Strikes out swinging
Top of the 2nd over - 0 runs, 2 hits, 0 errors, 2 left on base; Pittsburgh 0 - Philadelphia 0
BOTTOM OF THE 2ND
Philadelphia Phillies batting - Pitching for Pittsburgh Pirates : RHP Jonathan Loaisiga
Batting: LHB David Peralta 0-0: Ground out 1-3 (Groundball, 13, EV 88.1 MPH)
Batting: LHB Justin Bour 0-0: Called Strike
0-1: Ball
1-1: Foul Ball, location: 2F
1-2: Ball
2-2: Foul Ball, location: 2F
2-2: Ball
3-2: Foul Ball, location: 2F
3-2: Base on Balls
Batting: RHB Todd Frazier 0-0: Called Strike
0-1: Ball
1-1: Fly out, F7 (Flyball, 7D, EV 100.0 MPH)
Batting: RHB Josh Harrison 0-0: Foul Ball, location: 2F
0-1: Called Strike
0-2: Ball
1-2: Strikes out swinging
Bottom of the 2nd over - 0 runs, 0 hits, 0 errors, 1 left on base; Pittsburgh 0 - Philadelphia 0
TOP OF THE 3RD
Pittsburgh Pirates batting - Pitching for Philadelphia Phillies : RHP Emmanuel Ramirez
Batting: RHB Jonathan Loaisiga 0-0: Called Strike
0-1: Swinging Strike
0-2: Fly out, F9 (Flyball, 89M, EV 89.4 MPH)
Batting: RHB Byron Buxton 0-0: Called Strike
0-1: Foul Ball, location: 2F
0-2: Foul Ball, location: 2F
0-2: Foul Ball, location: 2F
0-2: Ball
1-2: Ball
2-2: Foul Ball, location: 2F
2-2: Strikes out looking
Batting: LHB Jason Kipnis 0-0: Foul Ball, location: 2F
0-1: Foul Ball, location: 2F
0-2: Ball
1-2: Foul Ball, location: 2F
1-2: Strikes out looking
Top of the 3rd over - 0 runs, 0 hits, 0 errors, 0 left on base; Pittsburgh 0 - Philadelphia 0
BOTTOM OF THE 3RD
Philadelphia Phillies batting - Pitching for Pittsburgh Pirates : RHP Jonathan Loaisiga
Batting: RHB Russell Martin 0-0: Swinging Strike
0-1: Ball
1-1: Called Strike
1-2: Ball
2-2: Strikes out swinging
Batting: RHB Emmanuel Ramirez 0-0: Called Strike
0-1: Ball
1-1: Ground out 6-3 (Groundball, 6, EV 83.1 MPH)
Batting: LHB Leonys Martin 0-0: Ball
1-0: SINGLE (Groundball, 4MD, EV 98.1 MPH)
Batting: RHB Scott Kingery 0-0: Called Strike
0-1: Ball
1-1: 2-RUN HOME RUN (Flyball, 78XD, EV 95.0 MPH), Distance : 402 ft
Batting: RHB Giancarlo Stanton 0-0: Swinging Strike
0-1: Ball
1-1: Ball
2-1: Ball
3-1: Foul Ball, location: 2F
3-2: Ground out 6-3 (Groundball, 56, EV 88.1 MPH)
Bottom of the 3rd over - 2 runs, 2 hits, 0 errors, 0 left on base; Pittsburgh 0 - Philadelphia 2
TOP OF THE 4TH
Pittsburgh Pirates batting - Pitching for Philadelphia Phillies : RHP Emmanuel Ramirez
Batting: LHB LaMonte Wade 0-0: Fly out, F9 (Line Drive, 9D, EV 88.8 MPH)
Batting: RHB Franmil Reyes 0-0: Swinging Strike
0-1: Ball
1-1: Foul Ball, location: 2F
1-2: Strikes out swinging
Batting: RHB Ryan Zimmerman 0-0: Ball
1-0: Foul Ball, location: 2F
1-1: Called Strike
1-2: Strikes out looking
Top of the 4th over - 0 runs, 0 hits, 0 errors, 0 left on base; Pittsburgh 0 - Philadelphia 2
BOTTOM OF THE 4TH
Philadelphia Phillies batting - Pitching for Pittsburgh Pirates : RHP Jonathan Loaisiga
Batting: LHB David Peralta 0-0: Ball
1-0: Foul Ball, location: 2F
1-1: Ball
2-1: Foul Ball, location: 2F
2-2: Fly out, F6 (Popup, 6M, EV 53.1 MPH)
Batting: LHB Justin Bour 0-0: Foul Ball, location: 2F
0-1: Ball
1-1: Foul Ball, location: 2F
1-2: Ball
2-2: SOLO HOME RUN (Flyball, 9LD, EV 93.8 MPH), Distance : 341 ft
Batting: RHB Todd Frazier 0-0: Foul Ball, location: 2F
0-1: SOLO HOME RUN (Flyball, 7D, EV 90.0 MPH), Distance : 384 ft
Batting: RHB Josh Harrison 0-0: Ball
1-0: Ball
2-0: Ball
3-0: Called Strike
3-1: Foul Ball, location: 2F
3-2: Base on Balls
Batting: RHB Russell Martin 0-0: Ball
1-0: Ball
Josh Harrison steals 2nd base
2-0: Ball
3-0: Called Strike
3-1: SINGLE (Flyball, 9LS, EV 85.0 MPH)
Josh Harrison to third
Batting: RHB Emmanuel Ramirez 0-0: Foul Ball, location: 2F
0-1: Ball
1-1: Ball
2-1: Swinging Strike
2-2: Ball
3-2: Bunt - Flyout to 15S! F1
Batting: LHB Leonys Martin 0-0: Foul Ball, location: 2F
0-1: Ball
1-1: Ball
2-1: Ball
3-1: Base on Balls
Russell Martin to second
Batting: RHB Scott Kingery 0-0: Foul Ball, location: 2F
0-1: Ball
1-1: Foul Ball, location: 2F
1-2: Ground out 5-3 (Groundball, 56S, EV 86.3 MPH)
Bottom of the 4th over - 2 runs, 3 hits, 0 errors, 3 left on base; Pittsburgh 0 - Philadelphia 4
TOP OF THE 5TH
Pittsburgh Pirates batting - Pitching for Philadelphia Phillies : RHP Emmanuel Ramirez
Batting: LHB Jake Lamb 0-0: Ball
1-0: Ball
2-0: Ball
3-0: Base on Balls
Batting: RHB Renato Nunez 0-0: Called Strike
0-1: Swinging Strike
0-2: Ball
1-2: Fly out, F8 (Flyball, 78XD, EV 103.1 MPH)
Runner from 1st tags up, OUT at 2nd! 8-4
Batting: RHB Robinson Chirinos 0-0: Ball
1-0: Swinging Strike
1-1: Ball
2-1: Foul Ball, location: 2F
2-2: Ball
3-2: Base on Balls
Pinch Hitting: RHB Cameron Maybin 0-0: Called Strike
0-1: Foul Ball, location: 2F
0-2: Strikes out looking
Top of the 5th over - 0 runs, 0 hits, 0 errors, 1 left on base; Pittsburgh 0 - Philadelphia 4
BOTTOM OF THE 5TH
Philadelphia Phillies batting - Pitching for Pittsburgh Pirates : RHP Jonathan Loaisiga
Pitching: RHP Nick Kingham
Batting: RHB Giancarlo Stanton 0-0: Ball
1-0: Called Strike
1-1: Ball
2-1: Ball
3-1: SOLO HOME RUN (Flyball, 78XD, EV 92.5 MPH), Distance : 401 ft
Batting: LHB David Peralta 0-0: Called Strike
0-1: SINGLE (Groundball, 34D, EV 104.4 MPH)
Batting: LHB Justin Bour 0-0: Ball
1-0: Ground out 6-3 (Groundball, 4, EV 86.3 MPH)
David Peralta to second
Batting: RHB Todd Frazier 0-0: Ball
1-0: Ball
2-0: Called Strike
2-1: Foul Ball, location: 2F
2-2: Ball
3-2: SINGLE (Groundball, 6MD, EV 102.5 MPH)
David Peralta to third
Batting: RHB Josh Harrison 0-0: Foul Ball, location: 2F
0-1: Ball
1-1: Ball
2-1: Fielders Choice at 2nd, 4-6 (Groundball, 4MD, EV 103.8 MPH)
David Peralta scores
Batting: RHB Russell Martin 0-0: Called Strike
0-1: Ball
1-1: Foul Ball, location: 2F
1-2: Foul Ball, location: 2F
1-2: Ball
2-2: Strikes out swinging
Bottom of the 5th over - 2 runs, 3 hits, 0 errors, 1 left on base; Pittsburgh 0 - Philadelphia 6
TOP OF THE 6TH
Pittsburgh Pirates batting - Pitching for Philadelphia Phillies : RHP Emmanuel Ramirez
Batting: RHB Byron Buxton 0-0: Fly out, F8 (Flyball, 78D, EV 83.1 MPH)
Batting: LHB Jason Kipnis 0-0: Ball
1-0: Called Strike
1-1: Swinging Strike
1-2: Ball
2-2: Strikes out looking
Batting: LHB LaMonte Wade 0-0: Hit by Pitch
Batting: RHB Franmil Reyes 0-0: Ball
1-0: Foul Ball, location: 2F
1-1: Ball
2-1: Foul Ball, location: 2F
2-2: Ball
3-2: Strikes out looking
Top of the 6th over - 0 runs, 0 hits, 0 errors, 1 left on base; Pittsburgh 0 - Philadelphia 6
BOTTOM OF THE 6TH
Philadelphia Phillies batting - Pitching for Pittsburgh Pirates : RHP Nick Kingham
Batting: RHB Emmanuel Ramirez 0-0: Called Strike
0-1: Swinging Strike
0-2: Strikes out swinging
Batting: LHB Leonys Martin 0-0: Ball
1-0: Called Strike
1-1: Swinging Strike
1-2: SINGLE (Line Drive, 8LS, EV 100.6 MPH)
Batting: RHB Scott Kingery 0-0: Swinging Strike
0-1: Called Strike
0-2: Strikes out swinging
Batting: RHB Giancarlo Stanton 0-0: Ball
1-0: Swinging Strike
1-1: Foul Ball, location: 2F
1-2: Foul Ball, location: 2F
1-2: SINGLE (Groundball, 4MS, EV 93.1 MPH) (infield hit)
Leonys Martin to second
Batting: LHB David Peralta 0-0: Called Strike
0-1: Foul Ball, location: 2F
0-2: Fly out, F8 (Flyball, 8LS, EV 88.1 MPH)
Bottom of the 6th over - 0 runs, 2 hits, 0 errors, 2 left on base; Pittsburgh 0 - Philadelphia 6
TOP OF THE 7TH
Pittsburgh Pirates batting - Pitching for Philadelphia Phillies : RHP Emmanuel Ramirez
Batting: RHB Ryan Zimmerman 0-0: Called Strike
0-1: Foul Ball, location: 2F
0-2: Foul Ball, location: 2F
0-2: Strikes out swinging
Batting: LHB Jake Lamb 0-0: Ball
1-0: Ball
2-0: Ground out 3-1 (Groundball, 34, EV 80.0 MPH)
Batting: RHB Renato Nunez 0-0: Fly out, F9 (Flyball, 9S, EV 83.8 MPH)
Top of the 7th over - 0 runs, 0 hits, 0 errors, 0 left on base; Pittsburgh 0 - Philadelphia 6
BOTTOM OF THE 7TH
Philadelphia Phillies batting - Pitching for Pittsburgh Pirates : RHP Nick Kingham
Batting: LHB Justin Bour 0-0: Ball
1-0: Foul Ball, location: 2F
1-1: Ground out 4-3 (Groundball, 34, EV 103.1 MPH)
Batting: RHB Todd Frazier 0-0: Ball
1-0: DOUBLE (Flyball, 8RXD, EV 108.8 MPH)
Pitching: RHP Adam Warren
Batting: RHB Josh Harrison 0-0: Swinging Strike
0-1: Fly out, F7 (Flyball, 78XD, EV 104.4 MPH)
Batting: RHB Russell Martin 0-0: Foul Ball, location: 2F
0-1: Ball
1-1: Ball
2-1: Foul Ball, location: 2F
2-2: SINGLE (Line Drive, 9S, EV 108.1 MPH)
Todd Frazier to third
Batting: RHB Emmanuel Ramirez 0-0: Ball
1-0: Swinging Strike
1-1: Fly out, F9 (Flyball, 9S, EV 82.5 MPH)
Bottom of the 7th over - 0 runs, 2 hits, 0 errors, 2 left on base; Pittsburgh 0 - Philadelphia 6
TOP OF THE 8TH
Pittsburgh Pirates batting - Pitching for Philadelphia Phillies : RHP Emmanuel Ramirez
Batting: RHB Robinson Chirinos 0-0: Called Strike
0-1: Ball
1-1: Called Strike
1-2: Strikes out looking
Pinch Hitting: LHB Bobby Bradley 0-0: Ball
1-0: Foul Ball, location: 2F
1-1: Ball
2-1: Ground out 6-3 (Groundball, 6M, EV 76.9 MPH)
Pitching: RHP Jake Petricka
Batting: RHB Byron Buxton 0-0: Fly out, F7 (Line Drive, 7D, EV 84.4 MPH)
Top of the 8th over - 0 runs, 0 hits, 0 errors, 0 left on base; Pittsburgh 0 - Philadelphia 6
BOTTOM OF THE 8TH
Philadelphia Phillies batting - Pitching for Pittsburgh Pirates : RHP Adam Warren
Pitching: RHP Matt Bush
Batting: LHB Leonys Martin 0-0: Ball
1-0: Ball
2-0: Called Strike
2-1: SINGLE (Line Drive, 8RS, EV 90.0 MPH)
Batting: RHB Scott Kingery 0-0: Ball
1-0: Called Strike
1-1: Called Strike
Leonys Martin steals 2nd base
1-2: Strikes out swinging
Batting: RHB Giancarlo Stanton 0-0: Called Strike
0-1: Ball
1-1: Ball
2-1: Ball
3-1: Base on Balls
Batting: LHB David Peralta 0-0: Ball
1-0: Foul Ball, location: 2F
1-1: Swinging Strike
1-2: Fly out, F6 (Popup, 6D, EV 51.3 MPH)
Batting: LHB Justin Bour 0-0: Ball
1-0: Swinging Strike
1-1: Foul Ball, location: 2F
1-2: Strikes out swinging
Bottom of the 8th over - 0 runs, 1 hit, 0 errors, 2 left on base; Pittsburgh 0 - Philadelphia 6
TOP OF THE 9TH
Pittsburgh Pirates batting - Pitching for Philadelphia Phillies : RHP Jake Petricka
Batting: LHB Jason Kipnis 0-0: Ball
1-0: Called Strike
1-1: Ball
2-1: Fly out, F7 (Flyball, 7D, EV 97.5 MPH)
Batting: LHB LaMonte Wade 0-0: Swinging Strike
0-1: Ground out 5-3 (Groundball, 56, EV 108.1 MPH)
Batting: RHB Franmil Reyes 0-0: Ball
1-0: Ball
2-0: Ball
3-0: Base on Balls
Batting: RHB Ryan Zimmerman 0-0: Ball
1-0: Fly out, F8 (Flyball, 8LD, EV 98.1 MPH)
Top of the 9th over - 0 runs, 0 hits, 0 errors, 1 left on base; Pittsburgh 0 - Philadelphia 6
Sunday, December 1st, 2019 - OOTP Baseball 20.8 Build 73